 Dungeon Crawl Stone Soup version 0.25-a0-614-g73ad250637 (webtiles) character file.

Game seed: 5385843178637547194, levelgen mode: deterministic

172 kae the Insei (level 5, -4/42 HPs)
             Began as a Demonspawn Monk on Mar 17, 2020.
             Slain by an orc
             ... wielding a +0 trident
              (7 damage)
             ... on level 3 of the Dungeon.
             The game lasted 00:02:24 (4240 turns).

kae the Insei (Demonspawn Monk)                     Turns: 4240, Time: 00:02:25

Health: -4/42      AC:  3    Str: 12    XL:     5   Next: 27%
Magic:  5/5        EV: 13    Int: 11    God:
Gold:   274        SH:  0    Dex: 16    Spells: 4/4 levels left

rFire    . . .     SeeInvis .     - Unarmed
rCold    . . .     Gourm    .   (no shield)
rNeg     . . .     Faith    .   a - +1 robe
rPois    .         Spirit   .   (helmet restricted)
rElec    .         Reflect  .   (no cloak)
rCorr    .         Harm     .   (no gloves)
MR       .....                  (no boots)
Stlth    ++........             (no amulet)
HPRegen  0.14/turn              (no ring)
MPRegen  0.09/turn              (no ring)

@: no status effects
A: antennae 1, demonic guardian 1
a: no special abilities


You were on level 3 of the Dungeon.
You were not hungry.

You visited 1 branch of the dungeon, and saw 3 of its levels.

You collected 274 gold pieces.

Inventory:

Armour
 a - a +1 robe (worn)
Jewellery
 f - a +2 ring of intelligence {unknown}
Scrolls
 e - a scroll of fog
 h - 2 scrolls of remove curse
 j - a scroll of amnesia
 n - a scroll of teleportation {unknown}
Potions
 c - 2 potions of flight {unknown}
 d - a potion of stabbing
 g - 2 potions of mutation {unknown}
 i - a potion of brilliance {unknown}
 k - 2 potions of curing
 l - a potion of degeneration {unknown}
 m - 3 potions of might {unknown}
Comestibles
 b - 6 rations


   Skills:
 + Level 4.2 Fighting
 - Level 2.6 Dodging
 - Level 1.7 Stealth
 * Level 4.7 Unarmed Combat


You had 4 spell levels left.
You didn't know any spells.
Your spell library was empty.

Dungeon Overview and Level Annotations

Branches:
Dungeon (3/15)

Altars:
Dithmenos
Qazlal
Yredelemnul


Innate Abilities, Weirdness & Mutations

You have a pair of small antennae on your head.
A weak demonic guardian rushes to your aid.


Message History

The orc hits you from afar with a +0 trident.
You barely miss the orc. The orc hits you. The orc closely misses you.
You hit the orc.
The orc is heavily wounded.
The orc closely misses you. x2
You hit the orc.
The orc is severely wounded.
The orc barely misses you. x2
You hit the orc.
You kill the orc!
The orc hits you with a +0 trident.
* * * LOW HITPOINT WARNING * * *
Items here: ))) [ † a +0 falchion; a +0 dagger x2; a +0 leather armour; an orc corpse You barely miss the orc.
The orc hits you with a +0 trident.
* * * LOW HITPOINT WARNING * * *
You hit the orc.
The orc is lightly wounded.
The orc hits you with a +0 trident!
You die...

#......#
#.###.##'#.#.#......
#......# #.#
#.##.#.#.#......
#......# #.#
#..#.#.#.#.#####
#####.## ###
##.......#.# #.#
#.......#.# #.#
#.###..##.#
##.###...#.#####
######...##...#....).
#...@.._......#######
#..o##...####.#######
....... ##.##
#.>...... #####.. #.#
######### #.. ..# #..
..# ### ..


You could see an orc.

Vanquished Creatures
  2 orc priests (D:3)
  An orc wizard (D:3)
  2 adders (D:2)
  An adder skeleton (D:3)
  A worm (D:2)
  2 dart slugs (D:1)
  A leopard gecko (D:2)
  9 orcs
  8 bats
  3 giant cockroaches
  7 goblins
  6 hobgoblins
  6 jackals
  5 kobolds
  A ball python (D:1)
  3 frilled lizards
  8 rats
66 creatures vanquished.

Vanquished Creatures (collateral kills)
  A bat (D:3)
  A frilled lizard (D:3)
2 creatures vanquished.

Vanquished Creatures (others)
  4 toadstools (D:2)
4 creatures vanquished.

Grand Total: 72 creatures vanquished

Notes
Turn   | Place    | Note
-------+----------+-------------------------------------------
     0 | D:1      | kae the Demonspawn Monk began the quest for the Orb.
     0 | D:1      | Reached XP level 1. HP: 18/18 MP: 1/1
   113 | D:1      | Gained mutation: A weak demonic guardian rushes to your
                  | aid. [demonic ancestry]
   113 | D:1      | Reached XP level 2. HP: 19/24 MP: 2/2
   683 | D:1      | Reached XP level 3. HP: 22/29 MP: 3/3
  1200 | D:2      | Found a stormy altar of Qazlal.
  2572 | D:2      | Reached XP level 4. HP: 6/37 MP: 4/4
  3426 | D:3      | Found a shadowy altar of Dithmenos.
  3691 | D:3      | Found a basalt altar of Yredelemnul.
  3871 | D:3      | Gained mutation: You have a pair of small antennae on your
                  | head. [demonic ancestry]
  3871 | D:3      | Reached XP level 5. HP: 7/42 MP: 5/5
  4240 | D:3      | Slain by an orc

Levels and vault maps discovered:
D:1:      dpeg_arrival_arbitrary_a, layout_basic, minmay_bisected
D:2:      layout_loops_ring, grunt_qazlal_clouds, serial_forest,
          infiniplex_forest_clump_small, infiniplex_forest_lined_2,
          infiniplex_forest_lined_3, infiniplex_forest_straight_2,
          infiniplex_forest_clump_medium, infiniplex_forest_3_way,
          infiniplex_forest_clump_long, minmay_gold_behind_fungi,
          grunt_ministairs_15
D:3:      minmay_octagon_keep, layout_basic, nicolae_overflow_crystal_walls,
          old_standard_altar

Skill      XL: |  1  2  3  4 |
---------------+-------------+-----
Unarmed Combat | 3 4 |  4.7
Fighting       | 4 |  4.2
Dodging        | |  2.6
Stealth        | |  1.7

Action                   |  1- 3 |  4- 6 || total
-------------------------+-------+-------++-------
Melee: Unarmed           |   166 |   112 ||   278
       Punch             |     1 |     1 ||     2
  Use: Scroll            |     9 |       ||     9
       Potion            |       |     1 ||     1
 Stab: Sleeping          |     3 |     2 ||     5
  Eat: Ration            |     1 |       ||     1
       Chunk             |       |     7 ||     7
Armor: Robe              |    34 |    29 ||    63
Dodge: Dodged            |    94 |    88 ||   182

Table legend:
 A = Non-vault XP
 B = Vault XP
 C = Vault XP percentage of total XP
 D = Non-vault monster count
 E = Vault monster count
 F = Vault count percentage of total count
                 A         B        C        D         E       F
            +---------+---------+-------+---------+---------+-------
      Total |     238 |       8 |   3.3 |      63 |       5 |   7.4
            +---------+---------+-------+---------+---------+-------
        D:1 |      41 |       4 |   8.9 |      22 |       3 |  12.0
        D:2 |      55 |       4 |   6.8 |      15 |       2 |  11.8
        D:3 |     142 |       0 |   0.0 |      26 |       0 |   0.0
            +---------+---------+-------+---------+---------+-------
